 Dungeon Crawl Stone Soup version 0.20.1-1-g8b1a95d (webtiles) character file.

1008 grizmgrazm2 the Covert (level 8, -1/54 HPs)
             Began as a Vampire Enchanter on Sept 29, 2017.
             Slain by a two-headed ogre
             ... wielding a cursed +0 giant spiked club
              (7 damage)
             ... on level 5 of the Dungeon.
             The game lasted 00:15:44 (7127 turns).

grizmgrazm2 the Covert (Vampire Enchanter)          Turns: 7127, Time: 00:15:46

Health: -1/54      AC:  4    Str:  7    XL:     8   Next: 1%
Magic:  12/14      EV: 14    Int: 19    God:
Gold:   277        SH:  0    Dex: 15    Spells: 7/16 levels left

rFire    . . .     SeeInvis +   l - +5 dagger "Mud Pie of Death" {venom, MR+ SInv}
rCold    + + .     Gourm    .   (no shield)
rNeg     + + +     Faith    .   k - +2 robe
rPois    ∞         Spirit   .   (no helmet)
rElec    .         Reflect  .   (no cloak)
rCorr    .         Harm     .   (no gloves)
MR       +....                  (no boots)
Stlth    ++++++....             (no amulet)
Regen    0.0/turn               (no ring)
MPRegen  0.2/turn               (no ring)

@: bloodless, non-regenerating
A: fangs 3, see invisible, unbreathing
a: Bat Form


You were on level 5 of the Dungeon.
You were bloodless.

You visited 1 branch of the dungeon, and saw 5 of its levels.

You collected 277 gold pieces.

Inventory:

Hand Weapons
 a - a +6 dagger
 e - a cursed -2 dagger
 l - the +5 dagger "Mud Pie of Death" (weapon) {venom, MR+ SInv}
   (You found it on level 5 of the Dungeon)

   It poisons the flesh of those it strikes.
   It affects your resistance to hostile enchantments.
   It lets you see invisible.
Armour
 k - a +2 robe (worn)
Scrolls
 d - a scroll of recharging
 f - 2 scrolls of fear
 m - a scroll of identify
 n - a scroll of blinking {unknown}
Potions
 b - 3 potions of heal wounds
 g - a potion of agility {unknown}
 h - 11 potions of blood
 i - a potion of curing
 j - a potion of magic {unknown}
 o - a potion of might
Books
 c - a book of Maledictions

   Spells                             Type                      Level
   a - Corona                         Hexes                        1
   b - Ensorcelled Hibernation        Hexes/Ice                    2
   c - Confuse                        Hexes                        3
   d - Tukima's Dance                 Hexes                        3
   e - Dazzling Spray                 Conjuration/Hexes            3


   Skills:
 + Level 1.2 Fighting
 + Level 2.4 Short Blades
 + Level 3.4 Dodging
 + Level 8.4 Stealth
 + Level 4.6 Spellcasting
 + Level 8.3 Hexes
 + Level 1.8 Ice Magic


You had 7 spell levels left.
You knew the following spells:

 Your Spells              Type           Power        Failure   Level  Hunger
a - Ensorcelled Hibernat  Hex/Ice        ###...       2%          2    #......
b - Confuse               Hex            #####...     1%          3    ###....
c - Tukima's Dance        Hex            #####...     1%          3    ###....
d - Corona                Hex            #####..      1%          1    None


Dungeon Overview and Level Annotations

Branches:
Dungeon (5/15)
 Temple: D:4-7

Altars:
Ashenzari
Okawaru
Qazlal
Trog

Shops:
D:4 (   D:5 [


Innate Abilities, Weirdness & Mutations

You do not heal naturally.
You are immune to poison.
You have razor-sharp teeth.
You have supernaturally acute eyesight. (SInv)
You can survive without breathing.


Message History

Confirm with . or Enter, or press ? or * to list all spells.
Aiming: Ensorcelled Hibernation
Press: ? - help, Shift-Dir - straight line, f - two-headed ogre
Aim: a two-headed ogre, wielding a giant spiked club and a giant club (chance to defeat MR: 35%)
The two-headed ogre looks drowsy...
The helpless two-headed ogre fails to defend itself.
You bite the two-headed ogre, and draw its blood!
You feel better.
You feel slightly less thirsty.
You perforate the two-headed ogre like a sieve!!!
The two-headed ogre looks as sick as possible!
The two-headed ogre is almost dead.
The two-headed ogre hits you with a giant spiked club!
The two-headed ogre closely misses you.
You barely miss the two-headed ogre.
The two-headed ogre is almost dead.
The two-headed ogre hits you with a giant spiked club!!
Ouch! That really hurt!
* * * LOW HITPOINT WARNING * * *
The two-headed ogre hits you with a giant club!
You die...

...####......... #..............
..## #..........# #.............
..#####.†...#....# #............
....#....####....# ##...........
.........## #....# ##..........
.#.#.#.#..# #....#####.#.........
..........###.......#.###.(.....#
#.#.#.#.#..#..........# ##.....##
...............O@.....# ##.....#
.#.#.#.#.#..%.....###..# #...#..
............##...## ##.# #...##..
#.#.#.#.#.#......## ..#....##.#
..................## #.........#
.#.#.#.#.#.#.......##. .#####...#
................<..... .# ###.#
#.#.#.#.#.#.#......... #..
...................... #..


You could see a two-headed ogre.

Vanquished Creatures
  Grinder (D:4)
  Sigmund (D:2)
  Menkaure (D:4)
  A phantom (D:5)
  A centaur (D:5)
  The ghost of Biabri the Skirmisher, a weakling HOCK of Hepliaklqana (D:3)
  A crimson imp (D:5)
  An orc priest (D:3)
  3 worker ants
  A hound skeleton (D:5)
  A gnoll (D:2)
  4 adders
  An ooze (D:4)
  An adder zombie (D:5)
  3 worms
  4 dart slugs
  3 leopard geckos
  11 orcs
  A ball python (D:2)
  8 bats
  7 giant cockroaches
  10 goblins
  2 hobgoblins (D:2)
  9 jackals
  10 kobolds
  2 quokkas (D:2)
  4 frilled lizards
  12 rats
105 creatures vanquished.

Vanquished Creatures (collateral kills)
  2 orcs
2 creatures vanquished.

Grand Total: 107 creatures vanquished

Notes
Turn   | Place    | Note
-------+----------+-------------------------------------------
     0 | D:1      | grizmgrazm2 the Vampire Enchanter began the quest for the Orb.
     0 | D:1      | Reached XP level 1. HP: 13/13 MP: 3/3
   370 | D:1      | Reached XP level 2. HP: 2/19 MP: 1/5
   374 | D:1      | Learned a level 2 spell: Ensorcelled Hibernation
  1227 | D:1      | Reached XP level 3. HP: 24/24 MP: 1/6
  1238 | D:1      | Learned a level 3 spell: Confuse
  1934 | D:2      | Reached skill level 5 in Stealth
  2434 | D:2      | Found an iron altar of Okawaru.
  2545 | D:2      | Reached XP level 4. HP: 23/31 MP: 2/7
  3666 | D:2      | Noticed Sigmund
  3678 | D:2      | Killed Sigmund
  3678 | D:2      | Reached skill level 5 in Hexes
  3678 | D:2      | Reached skill level 1 in Ice Magic
  3678 | D:2      | Reached XP level 5. HP: 36/36 MP: 2/9
  3967 | D:3      | Found a stormy altar of Qazlal.
  3969 | D:3      | Noticed an air elemental
  3969 | D:3      | Noticed a fire elemental
  3970 | D:3      | Noticed a water elemental
  3986 | D:3      | Found a stormy altar of Qazlal.
  4065 | D:3      | Learned a level 3 spell: Tukima's Dance
  4749 | D:3      | Reached XP level 6. HP: 42/42 MP: 3/10
  4928 | D:3      | Noticed Biabri's ghost (weakling HOCK)
  5078 | D:3      | Killed Biabri's ghost
  5910 | D:4      | Found Osaistreacw's Weapon Emporium.
  5934 | D:4      | Noticed Menkaure
  5938 | D:4      | Killed Menkaure
  6082 | D:4      | Noticed Grinder
  6107 | D:4      | Killed Grinder
  6107 | D:4      | Reached skill level 1 in Fighting
  6107 | D:4      | Reached XP level 7. HP: 43/48 MP: 7/13
  6323 | D:4      | Found a bloodstained altar of Trog.
  6379 | D:4      | You fall through a shaft!
  6379 | D:5      | Entered Level 5 of the Dungeon
  6526 | D:5      | Found Karch's Armour Emporium.
  6578 | D:5      | Got a slimy dagger
  6579 | D:5      | Identified the +5 dagger "Mud Pie of Death" {venom, MR+ SInv} (You found it on level 5 of the Dungeon)
  6641 | D:5      | Found a shattered altar of Ashenzari.
  6944 | D:5      | Reached XP level 8. HP: 50/54 MP: 6/14
  7118 | D:5      | Noticed a two-headed ogre
  7127 | D:5      | Slain by a two-headed ogre

Skill      XL: |  1  2  3  4  5  6  7 |
---------------+----------------------+-----
Stealth        | 5 6 7 8 |  8.4
Dodging        | 3 |  3.4
Spellcasting   | 3 4 |  4.6
Hexes          | 5 7 8 |  8.3
Ice Magic      | 1 |  1.8
Fighting       | 1 |  1.2
Short Blades   | 2 |  2.4

Action                   |  1- 3 |  4- 6 |  7- 9 || total
-------------------------+-------+-------+-------++-------
Melee: Dagger            |   118 |   102 |    47 ||   267
       Bite              |     4 |     5 |     6 ||    15
 Cast: Corona            |    11 |       |       ||    11
       Ensorcelled Hiber |    27 |    35 |     7 ||    69
       Confuse           |       |    18 |     6 ||    24
       Tukima's Dance    |       |     3 |     3 ||     6
 Abil: End Transformatio |     2 |       |       ||     2
       Bat Form          |     2 |       |       ||     2
  Use: Scroll            |     9 |    10 |       ||    19
       Potion            |     2 |    10 |       ||    12
 Stab: Sleeping          |    25 |    30 |    10 ||    65
       Confused          |       |     6 |     2 ||     8
Armor: Robe              |    35 |    14 |     3 ||    52
Dodge: Dodged            |   108 |    54 |    22 ||   184
